 Dungeon Crawl Stone Soup version 0.28.0-47-ge53b351184 (webtiles) character file.

Game seed: 314720462425094147

67 issech the Cudgeller (level 3, 0/36 HPs)
             Began as a Troll Monk on May 8, 2022.
             Succumbed to an adder's poison
             ... on level 2 of the Dungeon.
             The game lasted 00:04:18 (992 turns).

issech the Cudgeller (Troll Monk)                    Turns: 992, Time: 00:04:19

Health: 0/36       AC:  4    Str: 19    XL:     3   Next: 98%
Magic:  2/2        EV: 10    Int:  6    God:
Gold:   70         SH:  0    Dex: 14    Spells: 2/2 levels left

rFire   . . .      SeeInvis .   a - +0 mace
rCold   . . .      Faith    .   (no shield)
rNeg    . . .      Spirit   .   b - +0 robe
rPois   .          Reflect  .   (helmet restricted)
rElec   .          Harm     .   (no cloak)
rCorr   .          Rampage  .   (gloves unavailable)
Will    .....                   (boots unavailable)
Stlth   ++........              (no amulet)
HPRegen 0.92/turn               (no ring)
MPRegen 0.08/turn               (no ring)

@: brilliant, lethally poisoned (0 -> -3)
A: large, unfitting armour, claws 3, regeneration 1, shaggy fur 1, tough skin 1
a: no special abilities


You were on level 2 of the Dungeon.
You visited 1 branch of the dungeon, and saw 2 of its levels.

You collected 70 gold pieces.

Inventory:

Hand Weapons
 a - a +0 mace (weapon)
 i - a +0 hunting sling
Missiles
 f - 49 stones (quivered)
Armour
 b - a +0 robe (worn)
Scrolls
 c - a scroll of identify {unknown}
 e - 2 scrolls of amnesia {unknown}
 g - a scroll of teleportation {unknown}
 j - a scroll of immolation {unknown}
Potions
 d - a potion of might {unknown}


   Skills:
 + Level 2.9 Fighting
 + Level 3.5 Maces & Flails
 + Level 0.1 Throwing
 + Level 3.0 Dodging
 + Level 1.1 Stealth


You had 2 spell levels left.
You didn't know any spells.
Your spell library contained the following spells:

 Spells                   Type           Power      Damage    Failure   Level
 Animate Skeleton         Necr           0%         N/A       45%         1
 Pain                     Necr           0%         1d4       45%         1
 Vampiric Draining        Necr           0%         2d6       83%         3


Dungeon Overview and Level Annotations

Branches:
Dungeon (2/15)

Altars:

Annotations:
D:1 Jessica


Innate Abilities, Weirdness & Mutations

You are too large for most types of armour.
You have claws for hands.
Your natural rate of healing is unusually fast.
You are covered in fur. (AC +1)
You have tough skin. (AC +1)


Message History

You feel very sick. The adder barely misses you.
You closely miss the adder.
The adder is severely wounded.
You feel very sick. The adder bites you.
You are more poisoned.
The adder poisons you! The adder bites you.
You are more poisoned.
The adder poisons you!
You closely miss the adder.
The adder is severely wounded.
You feel very sick. The adder barely misses you. The adder closely misses you.
You completely miss the adder.
The adder is severely wounded.
You feel very sick. The adder bites you.
You closely miss the adder.
The adder is severely wounded.
You feel very sick. The adder closely misses you. The adder bites you.
* * * LOW HITPOINT WARNING * * *
You closely miss the adder.
The adder is severely wounded.
You feel sick. The adder bites you.
* * * LOW HITPOINT WARNING * * *
You are lethally poisoned!
The adder poisons you!
Unknown command.
You hit the adder.
You kill the adder!
* * * LOW HITPOINT WARNING * * *
You feel very sick.
Your Dodging skill increases to level 3!
Unknown command.
There is a lethal amount of poison in your body!
It was a potion of brilliance.
You feel clever all of a sudden.
You die...

### ###########
...#.........#
#.#.........# ##
#.).........# .# ..#
#####.........#
.#####.###.......†.....#
...........###..@......#
.....#.#...............#
.# #.#.................#
.## ...#...........#####
..####.#........†...#
.....>..............#
#.###..#............#
....................#
..#..###............#


There were no monsters in sight!

Vanquished Creatures
  3 adders (D:2)
  A ball python (D:2)
  4 bats (D:1)
  7 endoplasms
  2 giant cockroaches
  2 goblins
  6 hobgoblins
  3 quokkas
  3 frilled lizards
  3 kobolds
  A rat (D:1)
35 creatures vanquished.

Notes
Turn   | Place    | Note
-------+----------+-------------------------------------------
     0 | D:1      | issech the Troll Monk began the quest for the Orb.
     0 | D:1      | Reached XP level 1. HP: 22/22 MP: 0/0
   153 | D:1      | Reached XP level 2. HP: 29/29 MP: 1/1
   199 | D:1      | Found a faded altar of an unknown god.
   731 | D:2      | Noticed Jessica
   824 | D:2      | Reached XP level 3. HP: 36/36 MP: 2/2
   991 | D:2      | HP: 1/36 [poisoned by an adder]
   992 | D:2      | Succumbed to an adder's poison

Illustrated notes

Levels and vault maps discovered:
D:1:      matt_arrival_debris, layout_loops_cross,
          dreamdust_ecumenical_altar_statues
D:2:      layout_rooms, basic_altar, minmay_fractal_squares_5, uniq_jessica

Skill      XL: |  1  2  3 |
---------------+----------+-----
Maces & Flails | 3 |  3.5
Dodging        | 3 |  3.0
Fighting       | |  2.9
Throwing       | |  0.1
Stealth        | |  1.1

Action                   || total
-------------------------++-------
Melee: Mace              ||   119
Throw: Stone             ||     8
  Use: Potion            ||     1
Armor: Robe              ||    66
Dodge: Dodged            ||    93
